[Event "IV Copa Marcel Duchamp 2020"]
[Site "Montevideo"]
[Date "2020.02.08"]
[Round "1.6"]
[White "Urrestarazu, Diego"]
[Black "Hungaski, Robert"]
[Result "0-1"]
[ECO "A22"]
[WhiteElo "1837"]
[BlackElo "2504"]
[Annotator "ChessBase"]
[PlyCount "80"]
[EventDate "2020.02.08"]
[EventType "swiss"]
[EventCountry "URU"]
[SourceTitle "playchess.com"]
[Source "ChessBase"]
[SourceQuality "1"]
[TimeControl "5400+30"]

1. c4 e5 2. Nc3 Nf6 3. g3 d5 4. cxd5 Nxd5 5. Bg2 Nb6 6. d3 Be7 7. Nf3 Nc6 8. O-O O-O 9. Be3 Bg4 10. Qd2 Re8 11. Rac1 Bf8 12. h3 Bh5 13. Rfd1 Nd4 14. Bxd4 exd4 15. Ne4 c6 16. Nc5 Bxc5 17. Rxc5 Bxf3 18. Bxf3 Nd7 19. Rf5 g6 20. Rf4 Nf8 21. Qb4 Ne6 22. Rh4 Qb6 23. Qd2 a5 24. Rc1 Qb4 25. Qh6 Nf8 26. Rc4 Qxb2 27. Rcxd4 Qxa2 28. Rd7 Qa1+ 29. Kg2 Nxd7 30. Qxh7+ Kf8 31. d4 Ke7 32. Rf4 Rf8 33. Qh4+ Kd6 34. Re4 Kc7 35. Qf4+ Kb6 36. d5 Qf6 37. Qe3+ c5 38. Qb3+ Kc7 39. Rf4 Qd6 40. e4 f6 0-1

[Event "IV Copa Marcel Duchamp 2020"]
[Site "Montevideo"]
[Date "2020.02.09"]
[Round "2.11"]
[White "Pichuaga, Juan Pablo"]
[Black "Roselli Mailhe, Bernardo"]
[Result "1/2-1/2"]
[ECO "B23"]
[WhiteElo "2030"]
[BlackElo "2433"]
[Annotator "ChessBase"]
[PlyCount "128"]
[EventDate "2020.02.08"]
[EventType "swiss"]
[EventCountry "URU"]
[SourceTitle "playchess.com"]
[Source "ChessBase"]
[SourceQuality "1"]
[TimeControl "5400+30"]

1. e4 c5 2. Nc3 e6 3. d3 Nc6 4. g3 d5 5. Bg2 d4 6. Nce2 Bd6 7. f4 f6 8. Nf3 Bd7 9. c3 e5 10. O-O Qb6 11. c4 O-O-O 12. Rb1 h6 13. a3 a5 14. b3 Nge7 15. Bd2 Rde8 16. f5 g6 17. fxg6 Nxg6 18. Nh4 Nxh4 19. gxh4 Reg8 20. Ng3 Rg4 21. Rxf6 Be7 22. Rxh6 Rxh6 23. Bxh6 Rxh4 24. Qd2 Qd8 25. Rf1 Qh8 26. Bg5 Bxg5 27. Qxg5 Rxh2 28. Nf5 Rh7 29. Qg6 Bxf5 30. exf5 Rh6 31. Qg4 Qf6 32. Qg8+ Kc7 33. Qd5 Qg5 34. Qxc5 Rf6 35. Rf3 Qc1+ 36. Kf2 Qd2+ 37. Kf1 Rxf5 38. Rxf5 Qxd3+ 39. Kg1 Qxf5 40. Bxc6 bxc6 41. Qe7+ Kc8 42. Qe8+ Kc7 43. Qe7+ Kc8 44. Qe8+ Kb7 45. Qe7+ Ka6 46. Qe8 Qg4+ 47. Kf2 Qf4+ 48. Kg2 Qg5+ 49. Kf2 Qh4+ 50. Kg2 Qe4+ 51. Kf2 Qc2+ 52. Kg1 Qd1+ 53. Kg2 Qe2+ 54. Kg1 Qe1+ 55. Kh2 Qf2+ 56. Kh1 Qf3+ 57. Kh2 Qf4+ 58. Kg1 Qg3+ 59. Kh1 Qf3+ 60. Kg1 d3 61. Qa8+ Kb6 62. Qb8+ Ka6 63. Qa8+ Kb6 64. Qb8+ Ka6 1/2-1/2

[Event "IV Copa Marcel Duchamp 2020"]
[Site "Montevideo"]
[Date "2020.02.09"]
[Round "2.13"]
[White "Brizzi, Milagros Tatiana"]
[Black "Acosta, Pablo Ismael"]
[Result "0-1"]
[ECO "C00"]
[WhiteElo "2022"]
[BlackElo "2416"]
[Annotator "RC"]
[PlyCount "96"]
[EventDate "2020.02.08"]
[EventType "swiss"]
[EventCountry "URU"]
[SourceTitle "playchess.com"]
[Source "ChessBase"]
[SourceQuality "1"]
[TimeControl "5400+30"]

1. e4 e6 2. d3 c5 3. Nf3 Nc6 4. g3 g6 5. Bg2 Bg7 6. O-O Nge7 7. c3 d6 8. Nbd2 O-O 9. Re1 h6 10. Nb3 e5 11. d4 exd4 12. cxd4 Bg4 13. Be3 c4 14. Nbd2 b5 15. h3 Bxf3 16. Nxf3 Kh7 17. Qd2 Qa5 18. Qe2 Rac8 19. a3 Rfe8 20. Rad1 Ng8 21. Qc2 Nf6 22. d5 Nb8 23. Bf4 Rcd8 24. Nd4 Nxd5 25. Bd2 Qa4 26. Qxa4 bxa4 27. Ba5 Nb6 28. Bc3 d5 29. exd5 Rxe1+ 30. Rxe1 Nxd5 31. Bxd5 Rxd5 32. Re8 Nd7 33. Ne2 Nb6 34. Re7 Rd7 35. Rxd7 Nxd7 36. Nd4 Nc5 37. Kg2 Ne4 38. Kf3 Nxc3 39. bxc3 Bf8 40. Nc2 f5 41. Ke2 g5 42. f3 Kg6 43. Kd2 Bd6 44. g4 Kf6 45. Ne3 fxg4 46. Nxg4+ Kg6 47. Ke3 h5 48. Nh2 Bxh2 0-1

[Event "IV Copa Marcel Duchamp 2020"]
[Site "Montevideo"]
[Date "2020.02.09"]
[Round "2.28"]
[White "Moccero, Eduardo"]
[Black "Labrador Avendano, Angie Jhoana"]
[Result "1-0"]
[ECO "D04"]
[WhiteElo "1926"]
[BlackElo "1638"]
[Annotator "NA RC"]
[PlyCount "65"]
[EventDate "2020.02.08"]
[EventType "swiss"]
[EventCountry "URU"]
[SourceTitle "playchess.com"]
[Source "ChessBase"]
[SourceQuality "1"]
[TimeControl "5400+30"]

1. d4 d5 2. Nf3 Nf6 3. e3 Bg4 4. h3 Bh5 5. g4 Bg6 6. Ne5 {[%emt 0:00:59] D04: Colle System.} Nbd7 7. h4 h5 (7... e6 $142) 8. Nxg6 fxg6 9. Bd3 Kf7 10. g5 Ne4 11. Qf3+ Kg8 12. Nd2 {[%emt 0:02:26] [#]} Qe8 $146 ({Predecessor:} 12... e5 13. Nxe4 dxe4 14. Qxe4 Qe8 15. Qxg6 Qxg6 16. Bxg6 Bd6 17. Bd2 exd4 18. exd4 Nf8 {1-0 (42) Liesmann,K (2006)-Ringwelski,M (1998) Germany 2017}) 13. Nxe4 dxe4 14. Qxe4 c6 15. Qxg6 Qxg6 16. Bxg6 e6 17. Bd2 Bd6 18. O-O-O Kf8 19. f4 Ke7 20. Rhf1 Nf8 21. Bd3 g6 22. Rf3 $18 Rd8 23. e4 Bc7 24. f5 Rg8 25. Bb4+ Bd6 26. Bc3 Bc7 27. fxe6 Nxe6 28. Bc4 Rgf8 29. Rdf1 Bf4+ 30. Kb1 Nxd4 31. Rxf4 Rxf4 32. Rxf4 Nb5 33. Bf6+ 1-0

[Event "IV Copa Marcel Duchamp 2020"]
[Site "Montevideo"]
[Date "2020.02.09"]
[Round "2.29"]
[White "Santiso, Daniel"]
[Black "Cardozo, Lucas"]
[Result "1-0"]
[ECO "D00"]
[WhiteElo "1900"]
[BlackElo "2052"]
[Annotator "NA RC"]
[PlyCount "65"]
[EventDate "2020.02.08"]
[EventType "swiss"]
[EventCountry "URU"]
[SourceTitle "playchess.com"]
[Source "ChessBase"]
[SourceQuality "1"]
[TimeControl "5400+30"]

1. d4 d5 2. Bf4 e6 3. e3 Nf6 4. Bd3 b6 5. c3 Ba6 6. Bxa6 {[%emt 0:02:00] [#] D00: 1 d4 d5: Unusual lines.} Be7 $146 ({Predecessor:} 6... Nxa6 7. Qa4+ c6 8. Qxa6 Qd7 9. Qe2 Be7 10. Nf3 O-O 11. Ne5 Qc8 12. Nd2 c5 13. dxc5 bxc5 {1-0 (37) Ristoja,A (1558)-Cassidy,S (1599) Mali Losinj 2019}) 7. Bb7 Nbd7 8. Bxa8 Qxa8 9. Bxc7 Qc6 10. Be5 Qb5 11. Qe2 Qc6 12. Nd2 O-O 13. Ngf3 Ne4 14. Nxe4 dxe4 15. Nd2 Nxe5 16. dxe5 Qd5 17. Qc4 Qxe5 18. Qxe4 Qb5 19. Qc2 Rd8 20. Rd1 Qd5 21. Nf3 Qxa2 22. Rxd8+ Bxd8 23. O-O Bf6 24. Rd1 g6 25. h3 Kg7 26. Nd2 b5 27. Ne4 Be7 28. Rd7 Ba3 29. Qd2 $18 Qb1+ 30. Kh2 Qxe4 31. bxa3 Qa4 32. Qd4+ Qxd4 33. exd4 1-0

[Event "IV Copa Marcel Duchamp 2020"]
[Site "Montevideo"]
[Date "2020.02.09"]
[Round "2.30"]
[White "Reolon, Victor"]
[Black "Avedisian, Alexander"]
[Result "0-1"]
[ECO "D71"]
[WhiteElo "1644"]
[BlackElo "1892"]
[Annotator "NA RC"]
[PlyCount "104"]
[EventDate "2020.02.08"]
[EventType "swiss"]
[EventCountry "URU"]
[SourceTitle "playchess.com"]
[Source "ChessBase"]
[SourceQuality "1"]
[TimeControl "5400+30"]

1. d4 Nf6 2. c4 g6 3. g3 Bg7 4. Bg2 O-O 5. Nf3 d6 6. b3 c5 7. Bb2 Nc6 {[%emt 0:00:34] 7...Qa5+ is a critical line.} 8. d5 {[%emt 0:04:16] E60: King's Indian: Unusual lines and Fianchetto Variation without Nc3.} Na5 9. Nbd2 {[%emt 0:05:18] [#]} b5 $146 ({Predecessor:} 9... a6 10. O-O Rb8 11. Re1 b5 12. Rc1 Bd7 13. e4 e5 14. dxe6 Bxe6 15. e5 Ng4 16. cxb5 axb5 {1-0 (31) Bispo,L (2223)-Chang,S (2098) Guarapari 2017}) 10. a3 ({White should try} 10. Bc3 $14) 10... Rb8 11. cxb5 Rxb5 12. O-O Nxd5 13. Bxg7 Kxg7 14. Qc2 Kg8 15. Rfb1 Ba6 16. Ng5 e6 17. h4 Nc6 18. e3 Ne5 19. Nc4 Ng4 20. Bh3 Ngf6 21. Rd1 Ne8 $2 {[%emt 0:16:47] [#]} (21... Rb8 $1 $11 {and Black stays safe.}) 22. Nxe6 $1 Nxe3 23. Nxe3 ({Stronger than} 23. Nxd8 Nxc2 24. Rab1 Nd4 $17) (23. fxe3 fxe6 24. Bxe6+ Kg7 $11) 23... fxe6 24. Bxe6+ Kg7 {[%emt 0:00:44] [#]} 25. Ng4 ({Not} 25. a4 Rb8 $14) (25. Bc4 $1 $18) 25... Rb6 {[%emt 0:02:41] [#]} (25... h5 $16) 26. Qd2 ({Better is} 26. b4 $1 $18 c4 27. Qb2+ (27. Bxc4 Nf6 $16) 27... Nf6 28. Rac1) 26... Qe7 (26... Kh8 $16) 27. Re1 Kh8 28. Bd5 Qg7 29. Rab1 Bc8 30. Qe2 Nf6 31. Nxf6 Qxf6 32. Qb2 Qxb2 33. Rxb2 Bb7 34. Bxb7 Rxb7 35. Re6 Rd8 36. Re3 c4 37. b4 d5 38. Rbe2 d4 39. Rd2 Kg7 40. Re4 Rbd7 41. Kf1 c3 42. Rd3 Rc8 43. Re1 Kf6 44. Rf3+ Kg7 45. Rd3 Rc6 46. Rc1 {[%emt 0:01:11] [#]} Kf6 $19 47. Re1 Kf5 48. Rf3+ Kg4 49. Kg2 c2 50. Rf4+ Kh5 51. g4+ Kh6 52. Rc1 d3 0-1

[Event "IV Copa Marcel Duchamp 2020"]
[Site "Montevideo"]
[Date "2020.02.09"]
[Round "2.31"]
[White "Pustilnik, Iber"]
[Black "Vassallo, Julio"]
[Result "1-0"]
[ECO "E06"]
[WhiteElo "1892"]
[BlackElo "1630"]
[Annotator "NA RC"]
[PlyCount "53"]
[EventDate "2020.02.08"]
[EventType "swiss"]
[EventCountry "URU"]
[SourceTitle "playchess.com"]
[Source "ChessBase"]
[SourceQuality "1"]
[TimeControl "5400+30"]

1. Nf3 Nf6 2. d4 e6 3. c4 d5 4. g3 Be7 5. Bg2 O-O 6. O-O dxc4 7. a4 {[%emt 0:01:11] [#] E05: Open Catalan: 5 Nf3 Be7.} a5 $146 ({Predecessor:} 7... Nc6 8. a5 Rb8 9. Qc2 Nxd4 10. Nxd4 Qxd4 11. Rd1 Qc5 12. Be3 Qb4 13. Ra4 Qb3 14. Rxc4 Qxc2 15. Rxc2 {½-½ (24) Caruana,F (2822)-Dominguez Perez,L (2739) Saint Louis 2018}) 8. Qc2 Na6 9. Qxc4 Rb8 10. Nc3 b6 11. Ne5 Nb4 12. Nb5 Ba6 13. Bd2 Rc8 14. Bxb4 Bxb4 15. Nc6 Bxb5 16. axb5 Qd7 17. e4 Rfe8 18. Rfd1 h6 19. Rac1 $18 ({Don't play} 19. Nxb4 $6 axb4 20. Qxb4 Red8 $16) 19... Kh8 20. Na7 c5 21. Nxc8 Qxc8 22. d5 exd5 23. exd5 Qf5 24. Qf4 Qxf4 25. gxf4 Re2 26. d6 Nd7 27. Bc6 1-0

[Event "IV Copa Marcel Duchamp 2020"]
[Site "Montevideo"]
[Date "2020.02.09"]
[Round "2.32"]
[White "Pelaez, Diego"]
[Black "Belistri, Ubaldo"]
[Result "1/2-1/2"]
[ECO "A70"]
[WhiteElo "1607"]
[BlackElo "1877"]
[Annotator "NA RC"]
[PlyCount "73"]
[EventDate "2020.02.08"]
[EventType "swiss"]
[EventCountry "URU"]
[SourceTitle "playchess.com"]
[Source "ChessBase"]
[SourceQuality "1"]
[TimeControl "5400+30"]

1. d4 Nf6 2. c4 c5 3. d5 e6 4. Nc3 exd5 5. cxd5 d6 6. e4 g6 7. Nf3 Bg7 8. Bb5+ Bd7 9. Bxd7+ Nbxd7 10. O-O O-O {[%emt 0:00:26] A70: Modern Benoni: 6 e4 g6 7 Nf3.} 11. Bf4 Re8 12. Re1 Qb6 13. Rb1 {[%emt 0:02:03] [#]} Nh5 $146 ({Predecessor:} 13... Ng4 14. Nd2 Nge5 15. Qe2 a6 16. Be3 Nf6 17. h3 Qc7 18. f4 Ned7 19. a4 Rab8 {0-1 (54) Straub,N (2316)-Alexandrova,O (2265) Alushta 1999}) 14. Bd2 Ne5 15. Nxe5 Bxe5 16. Qg4 Qd8 17. f4 Bd4+ 18. Kh1 Nf6 19. Qf3 b5 20. Nxb5 Qb6 21. Nxd4 cxd4 22. e5 Nh5 23. e6 f5 {[%emt 0:00:20] [#]} 24. g4 (24. Red1 $1 $18) 24... fxg4 25. Qxg4 Nf6 $2 ({Better is} 25... Qb5 $14) 26. Qg2 (26. Qg5 $18 {and the rest is easy.}) 26... Qb7 27. Rg1 Rac8 28. f5 Rc2 29. fxg6 Qxd5 30. gxh7+ Kxh7 31. Qxd5 Nxd5 32. Rg2 Rxe6 33. Rbg1 Ne3 34. Rg7+ Kh6 {[%emt 0:00:51] [#]} 35. R7g3 $11 ({White should try} 35. R7g4 $1 $16 Kh7 36. Rxd4) 35... Kh7 36. Rg7+ Kh6 37. R7g3 1/2-1/2

[Event "IV Copa Marcel Duchamp 2020"]
[Site "Montevideo"]
[Date "2020.02.10"]
[Round "4.19"]
[White "Guerrero, Alvaro"]
[Black "Moccero, Eduardo"]
[Result "1-0"]
[ECO "D30"]
[WhiteElo "2094"]
[BlackElo "1926"]
[Annotator "NA RC"]
[PlyCount "47"]
[EventDate "2020.02.08"]
[EventType "swiss"]
[EventCountry "URU"]
[SourceTitle "playchess.com"]
[Source "ChessBase"]
[SourceQuality "1"]
[TimeControl "5400+30"]

1. d4 d5 2. c4 e6 3. Nf3 c5 4. e3 Nc6 5. Nc3 Nf6 6. Bd3 dxc4 7. Bxc4 cxd4 8. exd4 Be7 9. O-O O-O 10. Re1 h6 {[%emt 0:07:07] D40: Queen's Gambit Declined: Semi-Tarrasch with 5 e3.} 11. a3 {[%emt 0:01:42] [#]} Re8 $146 ({Predecessor:} 11... a6 12. Be3 b5 13. Bd3 Bb7 14. b4 Rc8 15. Rc1 Re8 16. Ne4 Nxe4 17. Bxe4 Ba8 {1-0 (33) Ali,M (1851)-Shafayet,A Dhaka 2015}) 12. Bb3 Bd6 13. Qd3 Bc5 (13... Ne7 $11) 14. Be3 Bb6 15. Rad1 e5 {[%emt 0:01:54] [#]} (15... Bc7 $142) 16. Qc4 ({White should try} 16. Bxh6 $1 $16 Be6 (16... gxh6 17. Qg6+) 17. d5 Nxd5 18. Nxd5 (18. Bxd5 gxh6 19. Qe4 Qf6 $16) 18... gxh6 19. Bc2 (19. Nxe5 Bxd5 20. Qg3+ Qg5 $14)) 16... Be6 $2 ({Black should try} 16... Qe7 $14) 17. d5 {[%emt 0:00:37] Double Attack} Na5 18. dxe6 Nxc4 19. Rxd8 Raxd8 20. Bxb6 $18 ({Don't play} 20. Bxc4 fxe6 21. Bxb6 (21. Nxe5 Bxe3 22. fxe3 Rd2 $18) 21... axb6 $18) 20... axb6 21. exf7+ Kxf7 22. Bxc4+ Kf8 23. Nxe5 g5 24. Nd7+ 1-0

[Event "IV Copa Marcel Duchamp 2020"]
[Site "Montevideo"]
[Date "2020.02.10"]
[Round "4.20"]
[White "Vassallo, Mariano"]
[Black "Meza, Anahi"]
[Result "0-1"]
[ECO "B43"]
[WhiteElo "1313"]
[BlackElo "2046"]
[Annotator "NA RC"]
[PlyCount "64"]
[EventDate "2020.02.08"]
[EventType "swiss"]
[EventCountry "URU"]
[SourceTitle "playchess.com"]
[Source "ChessBase"]
[SourceQuality "1"]
[TimeControl "5400+30"]

1. e4 c5 2. Nf3 e6 3. d4 cxd4 4. Nxd4 a6 5. Nc3 b5 6. Bd3 Qb6 7. Nf3 d6 {[%emt 0:14:47] B43: Sicilian: Kan Variation: 5 Nc3.} 8. O-O Bb7 {[%emt 0:03:34] [#]} 9. Ne2 $146 ({Predecessor:} 9. Re1 Nd7 10. a4 b4 11. a5 Qc7 12. Na2 Ngf6 13. Nxb4 d5 14. Nxd5 exd5 15. exd5+ {1-0 (55) Peng,X (2588)-Tong,Y (2502) Chengdu 2009}) 9... Nf6 10. Ng3 Nbd7 11. Be3 Qc7 12. h3 Be7 13. Re1 O-O 14. c3 Nc5 15. Bxc5 Qxc5 16. Qe2 Nd7 17. Nd4 Ne5 18. Nb3 Qb6 19. Bc2 Bh4 20. Nf1 Rac8 ({Black should play} 20... b4 $17 21. Rab1 Rfc8) 21. Ne3 Bg5 22. Qh5 (22. a3 $15) 22... Bf6 23. Ng4 ({White should play} 23. a3 $15) 23... Nxg4 24. Qxg4 b4 25. Re3 bxc3 26. bxc3 Bxc3 27. Rc1 $2 (27. Rb1 {is more resistant.}) 27... Bb2 28. Rg3 (28. Qd1 $142 Qc7 29. Re2 Bxc1 30. Nxc1) 28... g6 29. e5 Bxc1 30. Bxg6 hxg6 31. Qh5 Be4 32. exd6 Qxd6 0-1

[Event "IV Copa Marcel Duchamp 2020"]
[Site "Montevideo"]
[Date "2020.02.10"]
[Round "4.28"]
[White "Silva Rosas, Natalia"]
[Black "Torella, Rodolfo"]
[Result "0-1"]
[ECO "B23"]
[WhiteElo "1787"]
[BlackElo "2081"]
[Annotator "NA RC"]
[PlyCount "78"]
[EventDate "2020.02.08"]
[EventType "swiss"]
[EventCountry "URU"]
[SourceTitle "playchess.com"]
[Source "ChessBase"]
[SourceQuality "1"]
[TimeControl "5400+30"]

1. e4 c5 2. Nc3 Nc6 3. f4 e6 4. Nf3 a6 5. a4 d6 6. Bc4 Nf6 7. d3 Be7 8. O-O O-O 9. Qe1 Nb4 {[%emt 0:06:38] B23: Closed Sicilian: Lines without g3.} 10. Qf2 Qc7 {[%emt 0:06:20] [#]} 11. e5 $146 ({Predecessor:} 11. Kh1 Bd7 12. Rg1 Ng4 13. Qe2 Kh8 14. h3 Nf6 15. g4 Bc6 16. g5 Ng8 17. h4 {½-½ (58) Hina,A (1370)-Gade,J (1575) Helsingor 2016}) 11... Nd7 12. exd6 Bxd6 13. Ne4 Be7 14. c3 Nd5 15. f5 N7b6 16. Bxd5 Nxd5 17. Bg5 $2 (17. c4 $11 {and White is okay.} Nf6 18. Nxf6+ Bxf6 19. Be3) 17... f6 ({Weaker is} 17... exf5 18. Bxe7 Qxe7 19. Nxc5 $11) 18. Bd2 exf5 19. Ng3 Bd6 20. Ne2 Bd7 21. Qh4 (21. c4 {was necessary.} Ne7 22. Rfc1) 21... Rae8 22. Rae1 Ne3 23. Bxe3 Rxe3 24. Nd2 Rfe8 25. Rf2 Kh8 26. Nf1 R3e7 ({Weaker is} 26... Rxd3 27. Qc4 $19) 27. Nfg3 Bxg3 {[%emt 0:00:29] Pin} 28. hxg3 Re3 29. Qh5 Qc8 30. Rf4 g6 31. Qh6 Rxe2 32. Rxe2 Rxe2 33. Rh4 Qg8 $19 34. b4 cxb4 35. Kf1 Re8 36. cxb4 Bxa4 37. Qc1 Bb5 38. Qc3 Qe6 39. Kg1 Qe1+ 0-1

[Event "IV Copa Marcel Duchamp 2020"]
[Site "Montevideo"]
[Date "2020.02.10"]
[Round "4.30"]
[White "Pichuaga, Juan Pablo"]
[Black "Vieira, Alexandre Letizio"]
[Result "1-0"]
[ECO "B24"]
[WhiteElo "2030"]
[BlackElo "1722"]
[Annotator "NA RC"]
[PlyCount "87"]
[EventDate "2020.02.08"]
[EventType "swiss"]
[EventCountry "URU"]
[SourceTitle "playchess.com"]
[Source "ChessBase"]
[SourceQuality "1"]
[TimeControl "5400+30"]

1. e4 c5 2. Nc3 Nc6 3. g3 g6 4. Bg2 Bg7 5. d3 e6 6. Be3 b6 7. Qd2 Bb7 8. Nge2 a6 {[%emt 0:02:37] B24: Closed Sicilian: 3 g3 sidelines.} 9. O-O Nge7 10. d4 cxd4 11. Nxd4 {[%emt 0:01:04] [#]} O-O $146 ({Predecessor:} 11... Ne5 12. Qe2 Rc8 13. Nd1 Nc4 14. c3 O-O 15. Bg5 f6 16. Bc1 e5 17. Nc2 b5 {½-½ (40) Aleksic,Z (1960)-Varjas,S (2060) Senta 2011}) 12. f4 Nxd4 13. Bxd4 Qc7 14. Bxg7 Kxg7 15. Rad1 Bc6 16. Rf2 f5 {[%emt 0:02:07] [#]} (16... Rad8 $14) 17. Nd5 (17. exf5 $1 $16 Nxf5 18. Bxc6 dxc6 19. Ne4) 17... Qd8 $2 (17... exd5 $14 18. exd5 {[#]} Nxd5 $1 19. Bxd5 Rae8) 18. Qd4+ Kh6 $2 (18... Kg8) 19. Nxb6 $2 (19. g4 fxg4 20. Ne3) 19... Rb8 20. Nxd7 Bxd7 21. Qxd7 Qxd7 22. Rxd7 Ng8 23. b3 fxe4 $2 (23... Nf6) 24. Bxe4 (24. g4 $142 Nf6 25. g5+ {[%mdl 64] Double Attack} Kh5 26. gxf6) 24... Nf6 25. Rd4 Rfd8 26. Rfd2 Rxd4 27. Rxd4 Nxe4 28. Rxe4 Rb6 29. Kf2 g5 30. Ke3 Kg6 31. Kd4 gxf4 32. Rxf4 Rd6+ 33. Ke5 Rd2 34. Kxe6 Rxc2 35. Rg4+ Kh5 36. Ra4 Rxh2 37. Kf6 (37. Kf5 $142 h6 {[#]} 38. Rh4+ $1 Rxh4 39. gxh4 Kxh4 40. b4 Kg3 41. a4 (41. Kg6 Kf4 $11) 41... Kh3 42. b5) 37... Rh3 38. g4+ Kh6 (38... Kh4 $142 39. g5+ (39. Rxa6 Kxg4 40. Ra4+ Kf3 $16) 39... Kh5) 39. Rxa6 (39. Ra5 $142 Rf3+ 40. Rf5) 39... Rf3+ 40. Ke5+ Kg5 41. Ra7 Rf2 42. Rxh7 Rxa2 43. Kd4 Kxg4 44. Rf7 $18 (44. b4 $142 Kf5 45. Re7) 1-0

[Event "IV Copa Marcel Duchamp 2020"]
[Site "Montevideo"]
[Date "2020.02.10"]
[Round "4.31"]
[White "Escofet, Jaime"]
[Black "Manteiga, Franco"]
[Result "1/2-1/2"]
[ECO "A01"]
[WhiteElo "2025"]
[BlackElo "1703"]
[Annotator "NA RC"]
[PlyCount "53"]
[EventDate "2020.02.08"]
[EventType "swiss"]
[EventCountry "URU"]
[SourceTitle "playchess.com"]
[Source "ChessBase"]
[SourceQuality "1"]
[TimeControl "5400+30"]

1. b3 d5 2. Bb2 Nf6 3. Nf3 Bf5 4. g3 e6 5. Bg2 Be7 6. d3 O-O 7. Nbd2 c5 8. O-O Nc6 9. h3 {[%emt 0:01:10] A07: Réti Opening: New York and Capablanca Systems.} h6 10. Re1 Qc7 11. e4 dxe4 12. dxe4 Bh7 13. a3 Rad8 14. Qe2 {[%emt 0:02:32] [#]} Rd7 $146 ({Predecessor:} 14... Nd4 15. Nxd4 cxd4 16. e5 Ne8 17. Be4 Bxe4 18. Qxe4 d3 19. c4 b5 20. Rac1 b4 21. axb4 Bxb4 {1-0 (41) Kovacs,A (2049)-Katona,J (1997) Hungary 2004}) 15. e5 Nd5 16. Ne4 Rfd8 17. Kh2 Qb6 18. Nfd2 Nd4 19. Nc4 Qc7 20. Bxd4 cxd4 21. a4 Nb4 22. Qg4 $2 (22. Rf1 $15) 22... Nxc2 {[%emt 0:03:41] Double Attack} 23. Nf6+ Bxf6 24. exf6 {[%emt 0:00:08] [#]} g6 $2 (24... Bg6 $1 $19 25. h4 Nxa1) 25. Qh4 Qc5 $1 26. Re5 (26. Qxh6 $11 {remains equal.} Qf8 27. Qd2) 26... Qf8 27. Rd1 $17 1/2-1/2

[Event "IV Copa Marcel Duchamp 2020"]
[Site "Montevideo"]
[Date "2020.02.10"]
[Round "4.32"]
[White "Maestro, Esteban"]
[Black "Dotta, Gian Franco"]
[Result "0-1"]
[ECO "B32"]
[WhiteElo "1571"]
[BlackElo "2000"]
[Annotator "NA RC"]
[PlyCount "86"]
[EventDate "2020.02.08"]
[EventType "swiss"]
[EventCountry "URU"]
[SourceTitle "playchess.com"]
[Source "ChessBase"]
[SourceQuality "1"]
[TimeControl "5400+30"]

1. e4 c5 2. Nf3 Nc6 3. d4 cxd4 4. Nxd4 Qb6 5. Nb3 Nf6 6. Nc3 e6 7. Be3 Qc7 8. Bd3 Be7 9. f4 d6 10. Qf3 a6 11. O-O O-O 12. Rae1 Nb4 13. Nd4 {[%emt 0:07:06] [#] B33: Sicilian: Pelikan and Sveshnikov Variations.} b5 $146 ({Predecessor:} 13... Re8 14. a3 Nxd3 15. cxd3 b5 16. Rc1 Qb7 17. f5 e5 18. Nb3 a5 19. g4 b4 20. axb4 axb4 {½-½ (79) Purtov,A (2427)-Shcherbakov,R (2539) Omsk 2001}) 14. a3 Nxd3 15. cxd3 Bb7 16. f5 ({White should play} 16. Rc1 $11) 16... e5 17. Nde2 Rfd8 18. Rc1 Qd7 19. Nd5 Nxd5 20. exd5 a5 21. b3 (21. Nc3 $15) 21... Rdc8 22. g4 (22. b4 $17) 22... Rxc1 23. Rxc1 Rc8 24. g5 Rxc1+ 25. Nxc1 Bd8 26. h4 Ba8 (26... Qc8 $19 27. f6 Qc3) 27. h5 (27. Kf2 $17 {was called for.}) 27... Qb7 28. Kf2 Bb6 (28... Qxd5 $19 29. Qxd5 Bxd5) 29. h6 (29. f6 $15) 29... Bxe3+ 30. Qxe3 Qxd5 31. Ke2 (31. Ne2 $17 {keeps fighting.}) 31... Qc5 ({Black should play} 31... Qg2+ $19 32. Ke1 gxh6 33. gxh6 Bd5) 32. f6 g6 (32... gxf6 $17 33. gxf6 Kf8) 33. Qxc5 $2 (33. d4 $1 $11 {and White is okay.} Qc2+ 34. Ke1) 33... dxc5 34. Ke3 b4 35. axb4 axb4 $2 (35... cxb4 $19 36. d4 e4) 36. Ne2 Bd5 37. Ng3 $1 Bxb3 (37... Kf8 $5 38. Ne4 $8 Bxb3 39. Nxc5 Ba2 $11) 38. Ne4 c4 39. dxc4 Bxc4 40. Nd2 Bd5 41. Kd3 Kf8 42. Nc4 e4+ 43. Kd4 Bxc4 0-1

[Event "IV Copa Marcel Duchamp 2020"]
[Site "Montevideo"]
[Date "2020.02.13"]
[Round "7"]
[White "Aguilera, Angel"]
[Black "Avedisian, Alexander"]
[Result "0-1"]
[ECO "A04"]
[WhiteElo "1196"]
[BlackElo "1892"]
[Annotator "NA RC"]
[PlyCount "94"]
[EventDate "2020.02.08"]
[EventType "swiss"]
[EventCountry "URU"]
[SourceTitle "playchess.com"]
[Source "ChessBase"]
[SourceQuality "1"]
[TimeControl "5400+30"]

1. Nf3 g6 2. g3 Bg7 3. Bg2 Nf6 4. d4 O-O 5. O-O d6 6. c4 c5 7. dxc5 dxc5 8. Be3 Nc6 9. Qxd8 Rxd8 10. Nc3 Be6 11. Bxc5 Bxc4 12. b3 Nd7 13. Rac1 Nxc5 14. bxc4 Rd7 15. Ne1 Na5 16. Ne4 Rc8 17. Bh3 e6 18. Nxc5 Rxc5 19. Nd3 Rxc4 20. Rxc4 Nxc4 21. Nc5 Rc7 22. Nxe6 fxe6 23. Bxe6+ Kf8 24. Rc1 b5 25. a4 a6 26. axb5 axb5 27. Rb1 Nb2 28. e4 b4 29. f4 Bd4+ 30. Kg2 Rc2+ 31. Kh3 Rd2 32. e5 Rd1 33. Rxd1 Nxd1 34. Kg2 Nb2 35. h3 Na4 36. Bb3 Nc5 37. Ba2 b3 38. Bb1 b2 39. Kf1 Na4 40. e6 Nc3 41. Bd3 b1=Q+ 42. Bxb1 Nxb1 43. g4 Nc3 44. Kg2 Ke7 45. f5 gxf5 46. gxf5 Be5 47. Kf3 h5 0-1

[Event "IV Copa Marcel Duchamp 2020"]
[Site "Montevideo"]
[Date "2020.02.13"]
[Round "7.11"]
[White "Vazquez, Facundo"]
[Black "Michailov, Matias"]
[Result "1/2-1/2"]
[ECO "E63"]
[WhiteElo "2155"]
[BlackElo "2262"]
[Annotator "RC"]
[PlyCount "66"]
[EventDate "2020.02.08"]
[EventType "swiss"]
[EventCountry "URU"]
[SourceTitle "playchess.com"]
[Source "ChessBase"]
[SourceQuality "1"]
[TimeControl "5400+30"]

1. d4 Nf6 2. c4 g6 3. Nc3 Bg7 4. g3 O-O 5. Bg2 d6 6. Nf3 Nc6 7. O-O a6 8. h3 Rb8 9. e4 Nd7 10. Bg5 h6 11. Be3 Na5 12. b3 c5 13. Qd2 Kh7 14. Rac1 Nc6 15. Rfd1 e5 16. dxc5 dxc5 17. Qd6 Re8 18. Na4 Nd4 19. Bxd4 exd4 20. Nxc5 Bf8 21. Qf4 Bxc5 22. Qxf7+ Kh8 23. Qxg6 Re7 24. Qxh6+ Rh7 25. Qd2 Qe7 26. b4 Bxb4 27. Qxd4+ Rg7 28. e5 Bc5 29. Qf4 Rf7 30. Qh6+ Rh7 31. Qf4 Rf7 32. Qh6+ Rh7 33. Qf4 Rf7 1/2-1/2